 Dungeon Crawl Stone Soup version 0.23.2 (webtiles) character file.

Game seed: 1667692949078724399

346 JaketheDog the Slasher (level 6, -1/56 HPs)
             Began as a Minotaur Berserker on Apr 25, 2019.
             Was a Priest of Trog.
             Slain by Pikel
             ... wielding a +1 whip of flaming
              (2 damage)
             ... on level 4 of the Dungeon.
             The game lasted 00:16:21 (2921 turns).

JaketheDog the Slasher (Minotaur Berserker)         Turns: 2921, Time: 00:16:22

Health: -1/56      AC:  5    Str: 24    XL:     6   Next: 32%
Magic:  5/5        EV: 12    Int:  4    God:    Trog [***...]
Gold:   230        SH:  0    Dex:  9    Spells: 5/5 levels left

rFire    . . .     SeeInvis .   a - +0 falchion
rCold    . . .     Gourm    .   (no shield)
rNeg     . . .     Faith    .   m - +0 ring mail
rPois    .         Spirit   .   (helmet restricted)
rElec    .         Reflect  .   (no cloak)
rCorr    .         Harm     .   (no gloves)
MR       .....                  (no boots)
Stlth    +.........             (no amulet)
HPRegen  0.18/turn              (no ring)
MPRegen  0.09/turn              (no ring)

@: flying
A: retaliatory headbutt, horns 2
a: Berserk, Trog's Hand, Renounce Religion


You were on level 4 of the Dungeon.
You worshipped Trog.
Trog was most pleased with you.
You were near starving.

You visited 1 branch of the dungeon, and saw 4 of its levels.

You collected 230 gold pieces.

Inventory:

Hand Weapons
 a - a +0 falchion (weapon)
 d - a +0 spear
 k - a +0 mace
Missiles
 e - 21 poisoned needles
 g - 31 arrows
Armour
 m - a +0 ring mail (worn)
 p - a +0 scale mail
 s - a +0 scale mail
Wands
 f - a wand of random effects (19)
Scrolls
 b - 2 scrolls of magic mapping {unknown}
 h - 2 scrolls of amnesia
 j - 4 scrolls of remove curse
 l - a scroll of teleportation {unknown}
 n - a scroll of random uselessness {unknown}
 o - 3 scrolls of identify
Potions
 i - a potion of flight
 q - a potion of haste {unknown}
 r - a potion of degeneration {unknown}
Comestibles
 c - 5 rations


   Skills:
 + Level 5.2 Fighting
 + Level 5.6 Long Blades
 + Level 2.0 Polearms
 + Level 4.1 Armour
 + Level 3.1 Dodging
 + Level 1.0 Stealth


You had 5 spell levels left.
You didn't know any spells.
Your spell library was empty.

Dungeon Overview and Level Annotations

Branches:
Dungeon (4/15)
 Temple: D:4-7

Altars:
Ashenzari
Qazlal

Annotations:
D:4 Pikel


Innate Abilities, Weirdness & Mutations

You reflexively headbutt those who attack you in melee.
You have a pair of horns on your head.


Message History

You barely miss Pikel.
Pikel is heavily wounded.
Pikel hits you with a +1 whip of flaming.
* * * LOW HITPOINT WARNING * * *
Pikel burns you.
* * * LOW HITPOINT WARNING * * *
The slave hits you.
* * * LOW HITPOINT WARNING * * *
It was a potion of flight.
You feel very buoyant.
You fly up into the air.
Pikel hits you with a +1 whip of flaming.
* * * LOW HITPOINT WARNING * * *
Pikel burns you.
* * * LOW HITPOINT WARNING * * *
The slave hits you.
* * * LOW HITPOINT WARNING * * *
Unknown command.
Pikel hits you with a +1 whip of flaming.
You die...

#.#### ##.....## ## #.. .
##...## #..#. ##'## ##...
#.# #.# #.# ######## #.#
##.###......# #####.#####
##...##.####.#
#.......p.####.....#.# #.#
#.###.###.@.###..(##.####.#
#.###K#................
#...pp..####.###.####.#
#####...# #.# #.####.#
.#######.### #.# #......#
..K..p...# #.# ########
###############.#######
####.............#
#.........≈......#


You could see Pikel and 3 slaves.

Vanquished Creatures
  A scorpion (D:4)
  A hound (D:4)
  A bullfrog skeleton (D:4)
  Natasha (twice) (D:3)
  2 iguanas (D:4)
  7 adders
  An ooze (D:2)
  An adder skeleton (D:4)
  3 worms
  2 dart slugs (D:1)
  3 leopard geckos
  4 bats
  3 giant cockroaches
  7 goblins
  6 hobgoblins
  2 jackals (D:4)
  5 kobolds
  2 quokkas (D:3)
  2 ball pythons
  2 frilled lizards
  A jackal skeleton (D:4)
  7 rats
65 creatures vanquished.

Notes
Turn   | Place    | Note
-------+----------+-------------------------------------------
     0 | D:1      | JaketheDog the Minotaur Berserker began the quest for the
                  | Orb.
     0 | D:1      | Reached XP level 1. HP: 19/19 MP: 0/0
   260 | D:1      | Reached XP level 2. HP: 26/27 MP: 1/1
   617 | D:1      | Reached XP level 3. HP: 34/34 MP: 2/2
   812 | D:1      | Reached ** piety under Trog
   997 | D:2      | Found a faded altar of an unknown god.
  1612 | D:2      | Reached XP level 4. HP: 41/41 MP: 3/3
  1679 | D:2      | Reached skill level 1 in Polearms
  2028 | D:3      | You fall through a shaft!
  2170 | D:4      | Reached XP level 5. HP: 23/47 MP: 4/4
  2210 | D:3      | Found a shattered altar of Ashenzari.
  2342 | D:3      | Noticed Natasha
  2346 | D:3      | Killed Natasha
  2435 | D:3      | Noticed Natasha
  2441 | D:3      | Killed Natasha
  2441 | D:3      | Reached skill level 5 in Fighting
  2631 | D:4      | Reached skill level 5 in Long Blades
  2639 | D:4      | Reached skill level 1 in Stealth
  2729 | D:4      | Reached XP level 6. HP: 50/56 MP: 5/5
  2780 | D:4      | Found a stormy altar of Qazlal.
  2797 | D:4      | Reached *** piety under Trog
  2897 | D:4      | Noticed a slave
  2898 | D:4      | Noticed Pikel
  2908 | D:4      | Noticed a slave
  2913 | D:4      | Noticed a slave
  2920 | D:4      | HP: 1/56 [slave[Pikel] (4)]
  2921 | D:4      | Slain by Pikel

Skill      XL: |  1  2  3  4  5  6 |
---------------+-------------------+-----
Fighting       | 4 5 |  5.2
Long Blades    | 4 5 |  5.6
Armour         | 3 4 |  4.1
Polearms       | 1 2 |  2.0
Dodging        | 3 |  3.1
Stealth        | 1 |  1.0

Action                   |  1- 3 |  4- 6 || total
-------------------------+-------+-------++-------
Melee: Falchion          |     7 |    84 ||    91
       Headbutt          |     6 |    24 ||    30
       Spear             |    72 |       ||    72
  Use: Scroll            |     3 |     2 ||     5
       Potion            |       |     1 ||     1
  Eat: Chunk             |     1 |       ||     1
       Ration            |       |     1 ||     1
Armor: Animal skin       |     5 |       ||     5
       Ring mail         |    13 |    18 ||    31
Dodge: Dodged            |    47 |    53 ||   100
       Rpst.: Falchion   |     3 |    21 ||    24
